Map: Ulrena

Players

uriel

  • Race: Protoss Protoss
  • League: Gold

Grumm - Winner!

  • Race: Protoss Protoss
  • League: Gold

VOD

Have the link to the VOD?

Description

Time

  • Played on: Jan. 21, 2016, 12:22 p.m.
  • Length: 7:53
Show
View Real Time Build Order
Export as new Build Order

uriel Protoss 

Build Orders:  

Get SALT Encoding   

  12  0:02  Probe (Chrono Boost)  
  13  0:12  Probe (Chrono Boost)  
  14  0:17  Pylon  
  14  0:23  Probe (Chrono Boost)  
  15  0:36  Probe (Chrono Boost)  
  15  0:39  Gateway  
  16  0:46  Assimilator  
  16  0:47  Probe (Chrono Boost)  
  17  0:58  Probe (Chrono Boost)  
  18  1:09  Probe (Chrono Boost)  
  19  1:19  Probe (Chrono Boost)  
  20  1:27  Cybernetics Core  
  20  1:30  Probe (Chrono Boost)  
  21  1:40  Probe (Chrono Boost)  
  21  1:41  Assimilator  
  21  1:44  Gateway  
  22  1:49  Pylon  
  22  1:52  Probe (Chrono Boost)  
  23  2:06  Warp Gate (Chrono Boost)  
  23  2:11  Stalker  
  23  2:13  Probe  
  26  2:25  Probe  
  26  2:29  Nexus  
  27  2:37  Probe  
  27  2:43  Pylon  
  28  2:49  Probe  
  29  2:53  Sentry  
  31  3:05  Forge  
  30  3:11  Gateway, Probe  
  31  3:23  Probe  
  31  3:26  Sentry  
  34  3:35  Mothership Core  
  34  3:38  Photon Cannon  
  33  3:49  Photon Cannon  
  27  4:08  Stalker  
  26  4:11  Probe  
  26  4:14  Probe  
  28  4:23  Probe  
  29  4:25  Probe  
  30  4:35  Probe x2  
  32  4:44  Sentry  
  34  4:46  Probe  
  34  4:47  Probe  
  36  4:55  Protoss Ground Weapons Level 1 (Chrono Boost)  
  36  4:56  Probe  
  36  4:59  Probe  
  32  5:07  Probe  
  32  5:10  Sentry, Photon Cannon  
  32  5:12  Probe  
  34  5:17  Probe  
  33  5:24  Probe  
  34  5:33  Probe  
  33  5:36  Photon Cannon  
  33  5:37  Probe  
  33  5:40  Assimilator  
  28  5:44  Probe  
  28  5:49  Probe  
  30  5:56  Probe  
  30  5:57  Stalker  
  33  5:59  Stalker  
  33  6:01  Probe  
  36  6:08  Probe  
  37  6:13  Probe  
  38  6:20  Probe  
  39  6:25  Probe (Chrono Boost)  
  40  6:33  Nexus  
  40  6:34  Probe (Chrono Boost)  
  40  6:38  Probe (Chrono Boost)  
  40  6:46  Probe (Chrono Boost)  
Show
View Real Time Build Order
Export as new Build Order

Grumm Protoss - Winner!

Build Orders:  

Get SALT Encoding   

  12  0:01  Probe (Chrono Boost)  
  13  0:11  Probe (Chrono Boost)  
  14  0:20  Pylon  
  14  0:24  Probe (Chrono Boost)  
  15  0:30  Assimilator  
  15  0:41  Gateway  
  15  0:45  Probe (Chrono Boost)  
  16  0:55  Probe (Chrono Boost)  
  17  1:06  Gateway, Probe (Chrono Boost)  
  18  1:16  Probe (Chrono Boost)  
  19  1:27  Probe (Chrono Boost)  
  19  1:30  Cybernetics Core  
  20  1:38  Zealot  
  23  1:40  Probe (Chrono Boost)  
  23  1:50  Assimilator  
  23  2:01  Pylon  
  23  2:07  Warp Gate (Chrono Boost)  
  23  2:18  Nexus  
  23  2:19  Probe  
  24  2:24  Adept  
  26  2:30  Adept  
  28  2:41  Pylon  
  28  2:43  Probe  
  29  2:54  Stalker (Chrono Boost)  
  31  3:08  Stargate  
  31  3:09  Pylon  
  31  3:19  Probe, Zealot (Chrono Boost)  
  34  4:09  Probe  
  28  4:10  Probe  
  28  4:13  Oracle (Chrono Boost)  
  33  4:19  Probe  
  33  4:21  Gateway  
  34  4:24  Pylon  
  34  4:27  Stalker x2  
  34  4:28  Assimilator  
  36  4:33  Probe  
  37  4:44  Assimilator  
  37  4:45  Probe  
  37  4:46  Pylon  
  37  4:49  Probe  
  37  4:52  Stalker  
  41  4:53  Zealot  
  41  4:58  Probe  
  44  5:24  Stalker x2  
  45  5:36  Pylon  
  45  5:38  Probe  
  45  5:39  Probe  
  45  5:42  Void Ray (Chrono Boost)  
  49  5:47  Robotics Facility  
  49  5:48  Probe  
  49  5:51  Probe  
  51  5:59  Probe  
  51  6:01  Forge  
  51  6:03  Probe  
  53  6:09  Probe  
  54  6:13  Pylon  
  54  6:15  Probe, Adept x2  
  59  6:19  Zealot  
  59  6:20  Probe  
  62  6:30  Probe  
  64  6:35  Pylon  
  64  6:36  Mothership Core  
  65  6:41  Probe, Photon Cannon  
Tags
 
League
GoldGold
Matchup
PvP
Replay Pack
sc2 replays 2016
Add a new tag
Caveats
  • Supply blocks, unpowered buildings, or Contaminate may cause inaccurate times.
  • Supply counts are checked every 10 seconds.